 Dungeon Crawl Stone Soup version 0.30.1-1-g62c8e00024 (webtiles) character file.

Game seed: 4860045921391369320

651 m3rle the Conjurer (level 7, -1/46 HPs)
             Began as a Human Conjurer on July 17, 2023.
             Slain by Duvessa
             ... wielding a +0 short sword
              (11 damage)
             ... on level 4 of the Dungeon.
             The game lasted 00:45:51 (4435 turns).

m3rle the Conjurer (Human Conjurer)                 Turns: 4435, Time: 00:45:52

Health: -1/46      AC:  3    Str:  7    XL:     7   Next: 84%
Magic:  4/13       EV: 11    Int: 20    God:
Gold:   857        SH:  0    Dex: 12    Spells: 9/14 levels left

rFire   . . .        s - +3 club (spect)
rCold   . . .        (no shield)
rNeg    . . .        f - +0 leather armour
rPois   .            (no helmet)
rElec   .            (no cloak)
rCorr   .            (no gloves)
SInv    .            (no boots)
Will    .....        (no amulet)
Stlth   ++           (no ring)
HPRegen 0.27/turn    (no ring)
MPRegen 0.13/turn

%: no passive effects
@: no status effects
A: no striking features
a: no special abilities


You were on level 4 of the Dungeon.
You visited 1 branch of the dungeon, and saw 4 of its levels.

You collected 1243 gold pieces.
You spent 386 gold pieces at shops.

Inventory:

Hand Weapons
 e - a +1 dire flail of draining
 r - the +1 morningstar of Tumult {drain, Fly Int+3 Dex-2 SInv}
   (You bought it in a shop on level 3 of the Dungeon)

   Int:       It affects your intelligence (+3).
   Dex:       It affects your dexterity (-2).
   SInv:      It lets you see invisible.
   Fly:       It grants you flight.
 s - a +3 spectral club (weapon)
Missiles
 n - 3 poisoned darts
Armour
 f - a +0 leather armour (worn)
Magical Staves
 d - a staff of conjuration
Wands
 o - a wand of light (3)
 p - a wand of digging (7)
Scrolls
 b - a scroll of magic mapping {unknown}
 g - a scroll of noise {unknown}
 h - a scroll of vulnerability {unknown}
 k - a scroll of amnesia {unknown}
 l - a scroll of poison {unknown}
 m - a scroll of fear {unknown}
Potions
 a - a potion of curing
 c - 2 potions of lignification
 i - a potion of cancellation {unknown}
 j - 2 potions of mutation {unknown}
 q - 2 potions of degeneration {unknown}


   Skills:
 + Level 0.2 Fighting
 + Level 2.1 Armour
 + Level 2.6 Dodging
 + Level 3.3 Stealth
 + Level 4.2 Spellcasting
 + Level 6.6 Conjurations
 + Level 0.3 Translocations
 + Level 0.1 Evocations


You had 9 spell levels left.
You knew the following spells:

 Your Spells              Type           Power      Damage    Failure   Level
a - Magic Dart            Conj           100%       1d8       1%          1
b - Searing Ray           Conj           60%        2d6       1%          2
c - Blink                 Tloc           10%        N/A       24%         2

Your spell library contained the following spells:

 Spells                   Type           Power      Damage    Failure   Level
 Dazzling Flash           Conj/Hex       34%        N/A       14%         3
 Iskenderun's Mystic Bla  Conj/Tloc      18%        2d6       41%         4
 Fulminant Prism          Conj/Hex       8%         3d7       43%         4
 Vhi's Electric Charge    Tloc/Air       8%         N/A       45%         3
 Arcjolt                  Conj/Air       8%         1d18      78%         5
 Manifold Assault         Tloc           5%         N/A       85%         4
 Plasma Beam              Fire/Air       2%         2x1d13    100%        6
 Storm Form               Tmut/Air       2%         N/A       100%        7
 Chain Lightning          Conj/Air       8%         3d11      100%        9
 Fire Storm               Conj/Fire      8%         8d2       100%        9
 Shatter                  Erth           2%         3d6*      100%        9


Dungeon Overview and Level Annotations

Branches:
Dungeon (4/15)
 Temple: D:4-7

Altars:
Ashenzari
Zin

Shops:
D:3 (

Annotations:
D:4 1 runed translucent door, Duvessa; Graphine's ghost, amateur MfGl


Message History

The bolt of light misses Dowan.
Your magical contamination has completely faded away.
Casting: Magic Dart (safe; 1% risk of failure)
Confirm with . or Enter, or press ? or * to list all spells.
Aiming: Searing Ray (safe; 1% risk of failure)
Press: ? - help, Shift-Dir - straight line, f - Duvessa, p - Dowan
Aim: Duvessa, wielding a +0 short sword, wearing a +0 leather armour and carrying a wand of flame (14) (82% to hit)
The searing ray hits Dowan!
Dowan is severely wounded.
The searing ray hits Duvessa.
Duvessa is lightly wounded. (Press . to maintain the ray.)
The searing ray hits Dowan!
You kill Dowan!
Duvessa screams, "No!
How DARE you!"
Duvessa goes berserk!
The searing ray hits Duvessa!
Duvessa is moderately wounded.
Casting: Searing Ray (safe; 1% risk of failure)
Confirm with . or Enter, or press ? or * to list all spells.
Restarting spell: Searing Ray (safe; 1% risk of failure)
Press: ? - help, Shift-Dir - straight line, f/p - Duvessa
Aim: Duvessa, wielding a +0 short sword, wearing a +0 leather armour and carrying a wand of flame (14) (moderately wounded, berserk, 82% to hit)
The searing ray hits Duvessa.
Duvessa is moderately wounded. (Press . to maintain the ray.) Duvessa hits you with a +0 short sword!
The searing ray hits Duvessa!
Duvessa is moderately wounded.
Duvessa barely misses you. Duvessa hits you with a +0 short sword!
You feel better. Duvessa hits you with a +0 short sword!
* * * LOW HITPOINT WARNING * * *
You hit Duvessa but do no damage.
Duvessa is moderately wounded.
Duvessa closely misses you. Duvessa hits you with a +0 short sword.
* * * LOW HITPOINT WARNING * * *
You hit Duvessa.
Duvessa is heavily wounded.
Duvessa hits you with a +0 short sword!
You die...

...........####
...............
....†.......#
............#
#'# #.# #. #.#
#.# #.
#)###.### #.
######.......#
#.
#...@e.....#.#
#.
#.##########.#
##. #.# #.# #..
#.# #.# #.. #.#
#.# #.. #.# #.#
##. #.# #.# #.
#.##### #.# #.
#.....# #.#
#####.


You could see Duvessa (berserk).

Vanquished Creatures
  Grinder (D:3)
  Edmund (D:4)
  Dowan (D:4)
  A howler monkey (D:3)
  A hound (D:3)
  Jessica (D:3)
  Ijyb (D:3)
  5 gnolls
  6 adders
  A worm (D:2)
  6 dart slugs
  12 ball pythons
  6 endoplasms
  2 giant cockroaches (D:2)
  5 goblins
  11 hobgoblins
  4 kobolds
  4 quokkas
  7 bats
  A frilled lizard (D:3)
  4 rats
81 creatures vanquished.

Notes
Turn   | Place    | Note
-------+----------+-------------------------------------------
     0 | D:1      | m3rle the Human Conjurer began the quest for the Orb.
     0 | D:1      | Reached XP level 1. HP: 13/13 MP: 3/3
   318 | D:1      | Reached XP level 2. HP: 19/19 MP: 0/5
   504 | D:1      | Identified a scroll of acquirement
   504 | D:1      | Acquired a staff of conjuration
   510 | D:1      | Learned a level 2 spell: Searing Ray
   831 | D:1      | Reached XP level 3. HP: 24/24 MP: 4/6
   871 | D:1      | Learned a level 2 spell: Blink
  1394 | D:2      | Reached skill level 5 in Conjurations
  1394 | D:2      | Reached XP level 4. HP: 30/30 MP: 4/7
  1461 | D:2      | Acquired 1071 gold pieces
  2528 | D:2      | Reached XP level 5. HP: 35/35 MP: 2/8
  2708 | D:3      | Found Vypharho's Weapon Shoppe.
  2867 | D:3      | Found a glowing silver altar of Zin.
  2867 | D:3      | Found a broken altar of Ashenzari.
  2904 | D:3      | Noticed Ijyb
  2904 | D:3      | Paralysed by Ijyb for 2 turns
  3058 | D:3      | Paralysed by Ijyb for 2 turns
  3104 | D:3      | Noticed Jessica
  3107 | D:3      | Killed Jessica
  3240 | D:3      | Noticed Grinder
  3256 | D:3      | Killed Grinder
  3257 | D:3      | Reached skill level 1 in Armour
  3257 | D:3      | Reached skill level 6 in Conjurations
  3257 | D:3      | Reached XP level 6. HP: 27/41 MP: 1/11
  3565 | D:3      | Reached XP level 7. HP: 46/46 MP: 6/12
  3679 | D:3      | Bought the +1 morningstar of Tumult {drain, Fly Int+3 Dex-2
                  | SInv} for 386 gold pieces
  4106 | D:3      | Killed Ijyb
  4249 | D:4      | Found a runed translucent door.
  4250 | D:4      | Noticed Graphine's ghost (amateur MfGl)
  4271 | D:4      | Noticed Edmund
  4281 | D:4      | Killed Edmund
  4417 | D:4      | Noticed Dowan
  4420 | D:4      | Noticed Duvessa
  4429 | D:4      | Killed Dowan
  4435 | D:4      | Slain by Duvessa

Illustrated notes

Levels and vault maps discovered:
D:1:      minmay_arrival_loop, layout_basic
D:2:      layout_rooms, serial_bayou, serial_bayou_shore_a, serial_bayou_ford_a,
          serial_bayou_pond_c, serial_bayou_lake_a, st_stairs_5
D:3:      minmay_chambers_of_threes, layout_rooms,
          gammafunk_temple_overflow_wave, serial_shops, shop, uniq_grinder,
          uniq_ijyb, uniq_jessica
D:4:      layout_basic, grunt_temple_overflow_diamond, gammafunk_ghost_grave,
          chequers_mini_garden, uniq_duvessa, uniq_natasha, uniq_edmund,
          uniq_robin

Skill      XL: |  1  2  3  4  5  6  7 |
---------------+----------------------+-----
Conjurations   | 5 6 |  6.6
Stealth        | 3 |  3.3
Armour         | 1 2 |  2.1
Spellcasting   | 3 4 |  4.2
Fighting       | |  0.2
Dodging        | |  2.6
Translocations | |  0.3
Evocations     | |  0.1

Action                     |  1- 3 |  4- 6 |  7- 9 || total
---------------------------+-------+-------+-------++-------
  Melee: Staff             |       |     7 |       ||     7
         Club              |       |       |     3 ||     3
   Cast: Magic Dart        |    55 |    80 |    23 ||   158
         Searing Ray       |     1 |    13 |     9 ||    23
         Blink             |     1 |       |       ||     1
  Evoke: Wand              |       |       |     6 ||     6
    Use: Scroll            |     4 |     2 |     1 ||     7
         Potion            |     1 |     1 |     1 ||     3
 Armour: Robe              |       |     3 |       ||     3
         Leather armour    |       |     2 |       ||     2
  Dodge: Dodged            |     3 |    27 |     6 ||    36
